Map: Abyssal Reef LE

Players

Awers (Hades)

  • Race: Terran Terran
  • Spawn Location: 5:00

Snute - Winner!

  • Race: Zerg Zerg
  • Spawn Location: 11:00

Event: WCS Jonkoping 2017

VOD

Have the link to the VOD?

Description

Time

  • Played on: June 17, 2017, 9:29 a.m.
  • Length: 8:58

All games in this series

Show
View Real Time Build Order
Export as new Build Order

Awers Terran 

Build Orders: Liberator Opening, Reaper Expand, Mech 

Get SALT Encoding   

  12  0:01  SCV  
  13  0:13  SCV  
  14  0:17  Supply Depot  
  14  0:25  SCV  
  15  0:28  Refinery  
  15  0:39  SCV  
  16  0:44  Barracks  
  16  0:51  SCV  
  18  1:04  SCV  
  18  1:16  SCV  
  19  1:31  Orbital Command, Reaper  
  20  1:43  Command Center  
  20  1:54  Factory  
  20  1:57  SCV  
  21  2:03  Refinery  
  21  2:05  Barracks Reactor  
  21  2:09  SCV  
  22  2:16  Supply Depot  
  22  2:21  SCV  
  23  2:38  SCV  
  23  2:42  Starport  
  24  2:57  Hellion x2  
  28  3:11  SCV  
  28  3:13  Barracks Reactor  
  28  3:15  Orbital Command  
  28  3:22  Widow Mine x2  
  28  3:23  SCV  
  33  3:35  SCV  
  33  3:36  Liberator  
  33  3:41  SCV  
  35  3:46  Supply Depot  
  35  3:47  SCV  
  36  3:53  SCV  
  40  3:56  Medivac  
  40  3:59  SCV  
  40  4:00  Hellion  
  45  4:05  SCV  
  45  4:08  Hellion  
  45  4:09  Supply Depot  
  48  4:11  SCV  
  49  4:17  Liberator, SCV  
  49  4:23  SCV  
  51  4:30  SCV  
  54  4:31  Hellion x2  
  54  4:33  Supply Depot  
  54  4:36  Viking  
  54  4:37  SCV  
  62  4:53  Command Center  
  62  4:55  SCV x2  
  64  5:07  SCV  
  55  5:14  Hellion x2  
  55  5:15  SCV  
  55  5:16  Factory  
  55  5:18  Factory  
  55  5:19  SCV  
  57  5:27  SCV  
  58  5:31  SCV, Refinery  
  58  5:32  Refinery  
  57  5:37  Hellion x2  
  57  5:39  SCV  
  62  5:43  Liberator, SCV  
  63  5:51  SCV, Armory x2  
  61  5:58  SCV  
  61  6:00  Hellion x2  
  61  6:02  Factory Tech Lab  
  69  6:04  Factory Tech Lab  
  69  6:10  SCV  
  70  6:11  SCV  
  71  6:22  SCV  
  72  6:28  Orbital Command  
  72  6:29  Siege Tank x2, SCV  
  79  6:34  SCV  
  79  6:36  Hellion  
  84  6:41  SCV, Supply Depot  
  84  6:42  Terran Vehicle Weapons Level 1  
  84  6:43  Refinery, Supply Depot  
  83  6:47  SCV  
  83  6:53  Terran Vehicle And Ship Armor Level 1  
  83  6:54  SCV  
  85  7:01  Command Center  
  85  7:03  SCV x2  
  85  7:04  Factory  
  85  7:05  Refinery  
  87  7:10  Infernal Pre-Igniter  
  87  7:12  SCV  
  87  7:14  Hellion x3  
  87  7:15  SCV  
  95  7:18  SCV  
  96  7:23  Supply Depot  
  96  7:24  Supply Depot  
  96  7:27  Hellion x7  
  96  7:28  Siege Tank  
  96  7:29  SCV  
  100  7:36  SCV  
  101  7:39  Supply Depot  
  101  7:44  Siege Tank, SCV, Supply Depot  
  101  7:50  Factory Tech Lab  
  105  7:53  Factory, SCV, Viking  
  105  7:56  Viking  
  110  8:00  SCV  
  111  8:10  Thor  
  117  8:15  Siege Tank, Hellion  
  117  8:16  Hellion  
  117  8:18  Hellion  
  99  8:37  Hellion x2  
  99  8:38  Factory Reactor  
Show
View Real Time Build Order
Export as new Build Order

Snute Zerg - Winner!

Build Orders: Pool First, Swarm Host 

Get SALT Encoding   

  12  0:00  Drone  
  13  0:12  Overlord  
  13  0:17  Drone  
  14  0:30  Drone x2  
  14  0:34  Drone  
  17  0:45  Spawning Pool  
  17  0:47  Drone  
  17  1:08  Hatchery  
  17  1:10  Drone  
  17  1:13  Drone  
  17  1:15  Extractor  
  17  1:19  Drone  
  18  1:31  Queen  
  18  1:32  Zergling x2  
  21  1:38  Overlord  
  21  1:49  Drone  
  22  2:00  Drone  
  23  2:07  Queen  
  25  2:10  Drone  
  26  2:16  Metabolic Boost  
  26  2:19  Queen  
  26  2:20  Drone  
  29  2:23  Drone  
  30  2:31  Drone  
  30  2:32  Drone  
  32  2:39  Drone, Overlord  
  32  2:40  Drone  
  32  2:42  Drone  
  35  2:46  Drone  
  36  3:01  Drone  
  36  3:02  Drone  
  36  3:04  Drone  
  38  3:07  Overlord  
  38  3:14  Drone  
  38  3:15  Drone x2  
  38  3:16  Hatchery  
  38  3:17  Overlord  
  40  3:20  Drone  
  41  3:28  Zergling x6  
  41  3:31  Queen  
  41  3:34  Overlord  
  46  3:40  Queen  
  48  3:42  Drone  
  48  3:43  Drone  
  48  3:44  Drone  
  48  3:46  Drone  
  52  3:49  Drone x2  
  52  3:51  Drone  
  52  3:53  Drone  
  56  3:55  Drone  
  56  3:56  Drone  
  56  3:58  Drone  
  59  4:07  Queen  
  61  4:13  Zergling x4  
  61  4:15  Drone x2  
  61  4:16  Queen  
  66  4:20  Overlord  
  66  4:21  Drone  
  67  4:26  Overlord  
  67  4:28  Drone x2  
  67  4:29  Evolution Chamber  
  67  4:30  Evolution Chamber, Drone  
  68  4:32  Drone  
  68  4:35  Drone  
  70  4:39  Drone x2  
  70  4:42  Roach Warren  
  71  4:48  Drone x4  
  71  4:49  Drone  
  71  4:50  Drone x2  
  71  4:52  Drone x2  
  80  4:59  Zergling x2  
  81  5:01  Zergling x2  
  81  5:02  Zergling x2  
  81  5:11  Spore Crawler, Drone x2  
  81  5:12  Zerg Ground Armor Level 1, Drone, Zerg Missile Weapons Level 1  
  78  5:14  Spore Crawler  
  78  5:16  Drone  
  78  5:17  Drone x2  
  78  5:20  Drone  
  81  5:22  Drone  
  81  5:23  Drone  
  81  5:25  Drone  
  81  5:26  Drone  
  81  5:27  Drone  
  81  5:28  Extractor, Drone  
  87  5:31  Extractor  
  87  5:32  Spore Crawler, Drone, Extractor  
  87  5:34  Extractor  
  83  5:37  Extractor, Drone x3  
  83  5:40  Lair  
  83  5:41  Drone  
  86  5:44  Overlord  
  82  5:59  Drone x5  
  82  6:00  Drone x2  
  89  6:15  Overlord x2  
  89  6:16  Hatchery, Overlord  
  88  6:24  Roach  
  88  6:25  Roach x4, Overlord x2  
  98  6:27  Overlord  
  98  6:32  Overlord x2  
  97  6:35  Roach x6  
  109  6:40  Glial Reconstitution, Infestation Pit  
  109  6:46  Roach x2  
  109  6:47  Roach x2  
  116  6:49  Ravager x2  
  118  6:54  Drone  
  118  6:58  Extractor  
  118  7:00  Drone x4  
  118  7:01  Drone x5  
  125  7:02  Overlord  
  125  7:05  Extractor  
  126  7:16  Swarm Host  
  126  7:17  Swarm Host x4  
  126  7:20  Swarm Host x3  
  150  7:32  Swarm Host x2  
  150  7:34  Overlord x2  
  150  7:42  Spore Crawler  
  150  7:43  Swarm Host  
  152  7:51  Swarm Host x2  
  152  7:55  Queen x2  
  152  7:58  Swarm Host x2, Spine Crawler  
  162  8:04  Spore Crawler  
  162  8:05  Swarm Host x2  
  166  8:08  Overlord  
  171  8:32  Roach x5  
  171  8:33  Roach x4  
Tags
 
Add a new tag
Caveats
  • Supply blocks, unpowered buildings, or Contaminate may cause inaccurate times.
  • Supply counts are checked every 10 seconds.